 Dungeon Crawl Stone Soup version 0.24-a0-434-gd57e52fea8 (webtiles) character file.

Game seed: 10437399057388121557

423 GameOver the Sneak (level 6, 0/49 HPs)
             Began as a Naga Wizard on June 15, 2019.
             Slain by a mummy (6 damage)
             ... in an ossuary.
             The game lasted 00:30:41 (2606 turns).

GameOver the Sneak (Naga Wizard)                    Turns: 2606, Time: 00:30:43

Health: 0/49       AC:  3    Str: 10    XL:     6   Next: 95%
Magic:  19/19      EV: 10    Int: 20    God:
Gold:   187        SH:  0    Dex:  9    Spells: 2/11 levels left

rFire    . . .     SeeInvis +   p - +0 falchion
rCold    . . .     Gourm    .   (no shield)
rNeg     . . .     Faith    .   a - +0 robe
rPois    +         Spirit   .   b - +0 hat
rElec    .         Reflect  .   y - scarf {cloud immunity}
rCorr    .         Harm     .   (no gloves)
MR       .....     Rnd*Tele +   (no barding)
Stlth    +.........             (no amulet)
HPRegen  0.16/turn              t - ring of teleportation (curse)
MPRegen  0.16/turn              u - ring of magical power

@: confused, marked, very slightly contaminated, very slow
A: large, see invisible, deformed body, poison resistance, slowness 2, slow
metabolism 1, spit poison 1, AC +2
a: Spit Poison


You were in an ossuary.
You were not hungry.

You visited 2 branches of the dungeon, and saw 5 of its levels.
You also visited: Ossuary.

You collected 187 gold pieces.

Inventory:

Hand Weapons
 l - a +0 short sword
 p - a +0 falchion (weapon)
 q - a +0 dagger of venom
Missiles
 g - 70 sling bullets
 m - 41 arrows
Armour
 a - a +0 robe (worn)
 b - a +0 hat (worn)
 y - a scarf of cloud immunity (worn)
 A - a scarf of spirit shield
 B - a +0 leather armour
Jewellery
 t - a cursed ring of teleportation (left hand)
 u - a ring of magical power (right hand)
 v - an uncursed ring of positive energy {unknown}
Wands
 w - a wand of iceblast (5)
 C - a wand of flame (14)
Scrolls
 e - a scroll of amnesia
 h - 2 scrolls of identify
 k - 2 scrolls of enchant weapon
 x - a scroll of blinking {unknown}
Potions
 c - a potion of berserk rage {unknown}
 f - 2 potions of heal wounds {unknown}
 i - a potion of ambrosia
 n - a potion of curing {unknown}
 o - a potion of lignification {unknown}
 r - a potion of haste {unknown}
 s - a potion of brilliance {unknown}
 z - a potion of might {unknown}
Comestibles
 d - 10 rations
 j - 2 chunks of flesh


   Skills:
 - Level 1.5 Dodging
 + Level 5.6 Stealth
 - Level 3.0 Spellcasting
 + Level 5.1 Conjurations
   Level 1.0 Summonings
 - Level 1.0 Translocations
 + Level 4.2 Poison Magic


You had 2 spell levels left.
You knew the following spells:

 Your Spells              Type           Power        Failure   Level  Hunger
a - Magic Dart            Conj           ###.         1%          1    None
b - Blink                 Tloc           N/A          14%         2    ##.....
d - Mephitic Cloud        Conj/Pois/Air  ###.....     12%         3    ###....
s - Conjure Flame         Conj/Fire      ##......     14%         3    ###....

Your spell library contained the following spells:

 Spells                   Type           Power        Failure   Level  Hunger
 Confusing Touch          Hex            #.....       14%         1    None
 Call Imp                 Summ           #.......     14%         2    ##.....
 Slow                     Hex            #.......     22%         2    ##.....
 Gell's Gravitas          Tloc           #.........   28%         3    ###....
 Confuse                  Hex            #.......     38%         3    ###....
 Petrify                  Tmut/Erth      #.......     80%         4    ####...
 Metabolic Englaciation   Hex/Ice        #.........   98%         5    ######.
 Yara's Violent Unravell  Hex/Tmut       #.........   98%         5    ######.


Dungeon Overview and Level Annotations

Branches:
Dungeon (4/15)             Temple (1/1) D:4

Altars:


Innate Abilities, Weirdness & Mutations

You cannot wear boots.
Your serpentine skin is tough. (AC +2)
You have supernaturally acute eyesight. (SInv)
Armour fits poorly on your strangely shaped body.
Your system is resistant to poisons. (rPois)
You cover ground very slowly.
You have a slow metabolism.
You can spit poison.


Message History

The mummy closely misses you.
You hit the hobgoblin zombie.
The hobgoblin zombie is lightly damaged.
The centaur zombie hits you.
* * * LOW HITPOINT WARNING * * *
The centaur zombie hits you.
* * * LOW HITPOINT WARNING * * *
The centaur zombie hits you.
* * * LOW HITPOINT WARNING * * *
The hobgoblin zombie closely misses you.
The hobgoblin zombie hits you but does no damage.
Unknown command.
You barely miss the hobgoblin zombie.
The hobgoblin zombie is lightly damaged.
The centaur zombie hits you.
* * * LOW HITPOINT WARNING * * *
The centaur zombie closely misses you.
The centaur zombie hits you but does no damage.
The centaur zombie barely misses you. The mummy hits you.
You die...

####### #
###########.#.#.#.#.
##....Z......§§.§...^
#...ZMZ.....Z.Z^Z....
#...M@ZZ∩.Z.^...§..§.
#...Z.Z...........M^.
##.........^(...§.^..
###########.#.#§#.#.
#########


You could see 2 mummies, 4 hobgoblin zombies, a big kobold zombie and 4 centaur
zombies.

Vanquished Creatures
  An ogre (D:4)
  A bullfrog (D:3)
  A centaur skeleton (D:4)
  A hound (D:4)
  A bullfrog skeleton (D:4)
  3 gnolls (D:3)
  5 adders
  2 worms (D:2)
  5 dart slugs
  A leopard gecko (D:2)
  3 orcs (D:3)
  A ball python (D:2)
  8 giant cockroaches
  9 goblins
  14 hobgoblins
  6 jackals
  13 kobolds
  2 quokkas
  9 bats
  2 frilled lizards
  16 rats
104 creatures vanquished.

Notes
Turn   | Place    | Note
-------+----------+-------------------------------------------
     0 | D:1      | GameOver the Naga Wizard began the quest for the Orb.
     0 | D:1      | Reached XP level 1. HP: 15/15 MP: 4/4
   144 | D:1      | Reached XP level 2. HP: 22/22 MP: 6/6
   184 | D:1      | Learned a level 2 spell: Blink
   412 | D:1      | Reached XP level 3. HP: 28/28 MP: 7/7
   420 | D:1      | Learned a level 3 spell: Conjure Flame
  1078 | D:2      | Reached XP level 4. HP: 36/36 MP: 5/8
  1083 | D:2      | Learned a level 3 spell: Mephitic Cloud
  1220 | D:2      | Reached skill level 1 in Poison Magic
  1952 | D:3      | Reached XP level 5. HP: 42/42 MP: 5/9
  2124 | D:3      | Reached XP level 6. HP: 17/49 MP: 8/10
  2403 | D:4      | Reached skill level 5 in Stealth
  2440 | D:4      | Reached skill level 5 in Conjurations
  2475 | D:4      | Found a staircase to the Ecumenical Temple.
  2507 | Temple   | Entered the Ecumenical Temple
  2570 | D:4      | Found a sand-covered staircase.
  2579 | Ossuary  | Entered an ossuary
  2606 | Ossuary  | Slain by a mummy

Levels and vault maps discovered:
D:1:      dpeg_arrival_more_subterranean_lakeside_camping, layout_basic,
          kennysheep_pointless_box
D:2:      minmay_door_path, layout_basic
D:3:      layout_basic, first_ration, minmay_starry_boxes
D:4:      cheibrodos_old_hovel, layout_layer_cave,
          minmay_temple_entry_drinking_statues, chequers_ossuary_entry_cave
Temple:   dpeg_five_rooms_temple
Ossuary:  ossuary_the_hunt_dpeg

Skill      XL: |  1  2  3  4  5  6 |
---------------+-------------------+-----
Conjurations   | 2 3 4 5 |  5.1
Poison Magic   | 1 3 4 |  4.2
Stealth        | 4 5 |  5.6
Dodging        | |  1.5
Spellcasting   | |  3.0
Summonings     | |  1.0
Translocations | |  1.0

Action                   |  1- 3 |  4- 6 || total
-------------------------+-------+-------++-------
Melee: Short sword       |       |    40 ||    40
       Falchion          |       |     5 ||     5
 Cast: Magic Dart        |    40 |    36 ||    76
       Mephitic Cloud    |       |     7 ||     7
       Conjure Flame     |       |     4 ||     4
       Blink             |       |     5 ||     5
 Abil: Spit Poison       |    45 |    57 ||   102
  Use: Scroll            |       |     5 ||     5
       Potion            |       |     2 ||     2
 Stab: Sleeping          |       |     2 ||     2
  Eat: Chunk             |     3 |     9 ||    12
Armor: Robe              |     6 |    12 ||    18
Dodge: Dodged            |    11 |    58 ||    69

Table legend:
 A = Non-vault XP
 B = Vault XP
 C = Vault XP percentage of total XP
 D = Non-vault monster count
 E = Vault monster count
 F = Vault count percentage of total count
                 A         B        C        D         E       F
            +---------+---------+-------+---------+---------+-------
      Total |     488 |     117 |  19.3 |      95 |       9 |   8.7
            +---------+---------+-------+---------+---------+-------
        D:1 |      60 |       0 |   0.0 |      33 |       0 |   0.0
        D:2 |      67 |      10 |  13.0 |      25 |       2 |   7.4
        D:3 |     118 |     105 |  47.1 |      33 |       6 |  15.4
        D:4 |     243 |       2 |   0.8 |       4 |       1 |  20.0
            +---------+---------+-------+---------+---------+-------
